 Dungeon Crawl Stone Soup version 0.17-a0-1635-gd4e48f1 (webtiles) character file.

678 amplicon the Chopper (level 7, -1/57 HPs)
             Began as a Minotaur Fighter on Aug 4, 2015.
             Was a Follower of Makhleb.
             Slain by a slave (8 damage)
             ... led by Pikel
             ... on level 5 of the Dungeon.
             The game lasted 00:12:45 (3692 turns).

amplicon the Chopper (Minotaur Fighter)             Turns: 3692, Time: 00:12:46

Health: -1/57      AC: 10    Str: 21    XL:     7   Next: 34%
Magic:  6/6        EV:  7    Int:  5    God:    Makhleb [*.....]
Gold:   182        SH:  9    Dex: 11    Spells: 0 memorised, 6 levels left

rFire  . . .     SeeInvis .     j - +0 war axe
rCold  . . .     Clarity  .     b - +0 scale mail
rNeg   . . .     SustAt   .     c - +0 shield
rPois  .         Gourm    +     (helmet restricted)
rElec  .         Spirit   .     (no cloak)
rCorr  .         Warding  .     (no gloves)
rMut   .         Stasis   .     i - +2 pair of boots {run}
MR     .....                    h - amulet of the gourmand
Stlth  ..........               (no ring)
                                (no ring)

@: quick, not resistant to hostile enchantments, extremely unstealthy
A: retaliatory headbutt, horns 2
a: Renounce Religion


You were on level 5 of the Dungeon.
You worshipped Makhleb.
Makhleb was aware of your devotion.
You were very full.

You visited 2 branches of the dungeon, and saw 6 of its levels.

You collected 182 gold pieces.

Inventory:

Hand weapons
 a - a +0 flail
 j - a +0 war axe (weapon)
 u - a +0 whip of venom
 v - a +0 flail
Missiles
 w - 5 tomahawks (quivered)
Armour
 b - a +0 scale mail (worn)
 c - a +0 shield (worn)
 i - a +2 pair of boots of running (worn)
 y - a +1 animal skin
Jewellery
 h - an amulet of the gourmand (around neck)
 o - an uncursed ring of flight {unknown}
Magical devices
 x - a wand of magic darts (30)
Scrolls
 g - 6 scrolls of identify {unknown}
 l - a scroll of enchant weapon {unknown}
 m - a scroll of blinking {unknown}
 q - a scroll of remove curse {unknown}
 r - a scroll of teleportation {unknown}
 s - a scroll of recharging {unknown}
 z - 2 scrolls of fog {unknown}
 B - a scroll of immolation {unknown}
Potions
 d - a potion of might
 e - a potion of curing {unknown}
 f - a potion of heal wounds
 k - a potion of poison {unknown}
 t - a potion of mutation {unknown}
 A - a potion of cancellation {unknown}
 C - a potion of cure mutation {unknown}
Comestibles
 n - a bread ration
 p - a royal jelly


   Skills:
 - Level 3.6 Fighting
 * Level 7.9(8.8) Axes
 + Level 5.8(7.7) Maces & Flails
 - Level 3.6 Armour
 - Level 3.6 Shields


You had 6 spell levels left.
You didn't know any spells.

Dungeon Overview and Level Annotations

Branches:
Dungeon (5/15)             Temple (1/1) D:4

Altars:
Ashenzari
Cheibriados
Elyvilon
Fedhas
Makhleb
Okawaru
Ru
Sif Muna
Trog
Vehumet
Xom
Yredelemnul
Zin
The Shining One

Annotations:
D:5 Pikel


Innate Abilities, Weirdness & Mutations

You reflexively headbutt those who attack you in melee.
You have a pair of horns on your head.


Message History

The slave is lightly wounded.
Pikel barely misses you. The slave hits you but does no damage.
You hit Pikel.
Pikel is almost dead.
You slash the slave!
The slave is moderately wounded.
Pikel closely misses you. You block the slave's attack.
You closely miss Pikel.
Pikel is almost dead.
You hit the slave but do no damage.
The slave is moderately wounded.
You block Pikel's attack. The slave hits you.
* * * LOW HITPOINT WARNING * * *
You block Pikel's attack.
You closely miss Pikel. Your headbutt misses Pikel.
Pikel is almost dead.
You hit the slave but do no damage.
The slave is moderately wounded.
The slave hits you!
You die...

#.# #.# #.# ##
#############.# ..
..............##### #.
..#.............
####..####.#.############
.......p...#.#
.###..##@....# #. #K#.#.#
# .pp....# #.##.#.#.# ..
#.....# .p ....### #
###..# ....


You could see Pikel and 3 slaves.

Vanquished Creatures
  The ghost of 4thArraOfDagon the Charmwright, an average HESk (D:5)
  An ogre (D:4)
  Blork the orc (D:4)
  2 hounds
  3 orc wizards
  A giant frog skeleton (D:5)
  A centaur skeleton (D:5)
  2 worker ants (D:4)
  Robin (D:4)
  4 adders
  An ooze (D:3)
  3 worms
  A giant gecko (D:3)
  18 orcs
  6 bats
  11 goblins
  7 hobgoblins
  7 kobolds
  A giant gecko skeleton (D:4)
  4 giant newts
  A quokka (D:5)
  5 rats
82 creatures vanquished.

Notes
Turn   | Place    | Note
--------------------------------------------------------------
     0 | D:1      | amplicon the Minotaur Fighter began the quest for the Orb.
     0 | D:1      | Reached XP level 1. HP: 19/19 MP: 0/0
   345 | D:1      | Identified a +2 pair of boots of running (You found it on level 1 of the Dungeon)
   568 | D:1      | Reached XP level 2. HP: 26/26 MP: 1/1
  1210 | D:2      | Reached skill level 1 in Axes
  1240 | D:2      | Reached skill level 4 in Maces & Flails
  1240 | D:2      | Reached XP level 3. HP: 28/31 MP: 2/2
  1573 | D:3      | Reached XP level 4. HP: 39/39 MP: 3/3
  1683 | D:3      | Reached XP level 5. HP: 45/45 MP: 4/4
  1685 | D:3      | Reached skill level 5 in Maces & Flails
  2164 | D:3      | Found a burning altar of Makhleb.
  2174 | D:3      | Became a worshipper of Makhleb the Destroyer
  2256 | D:4      | Found a staircase to the Ecumenical Temple.
  2264 | Temple   | Entered the Ecumenical Temple
  2404 | D:4      | Reached skill level 5 in Axes
  2494 | D:4      | Noticed Blork the orc
  2506 | D:4      | Killed Blork the orc
  2506 | D:4      | Reached XP level 6. HP: 32/51 MP: 5/5
  2845 | D:4      | Noticed an ogre
  2857 | D:4      | Killed an ogre
  2857 | D:4      | Reached skill level 6 in Axes
  3001 | D:4      | Found a sacrificial altar of Ru.
  3037 | D:4      | Noticed Robin
  3063 | D:4      | Killed Robin
  3063 | D:4      | Acquired Makhleb's first power
  3318 | D:5      | Entered Level 5 of the Dungeon
  3417 | D:5      | Reached skill level 7 in Axes
  3417 | D:5      | Reached XP level 7. HP: 50/57 MP: 6/6
  3429 | D:5      | Noticed 4thArraOfDagon's ghost (average HESk)
  3454 | D:5      | Killed 4thArraOfDagon's ghost
  3667 | D:5      | Noticed Pikel
  3692 | D:5      | Slain by a slave

Vault maps used:
D:1:      dpeg_arrival_radiant, minmay_misc_feat_secret_circle
D:3:      nicolae_overflow_crystal_walls, bh_walls_and_bars
D:4:      old_standard_altar, minmay_temple_entry_large_hall,
          uniq_blork_the_orc, uniq_robin
D:5:      first_bread, uniq_pikel
Temple:   circular_temple_12

Action                   |  1- 3 |  4- 6 |  7- 9 || total
-------------------------+-------+-------+-------++-------
Melee: Flail             |    31 |       |       ||    31
       War axe           |    48 |   121 |    45 ||   214
  Eat: Chunk             |     9 |     6 |       ||    15
       Bread ration      |     1 |       |       ||     1
